 Dungeon Crawl Stone Soup version 0.30-a0-953-g5f1da4a474 (webtiles) character file.

Game seed: 2795554834527330743

13877 mistaj the Grappler (level 11, -3/120 HPs)
             Began as a Troll Monk on Mar 29, 2023.
             Was an Initiate of Gozag.
             Slain by a five-headed hydra (5 damage)
             ... on level 2 of the Lair of Beasts.
             The game lasted 00:15:06 (8441 turns).

mistaj the Grappler (Troll Monk)                    Turns: 8441, Time: 00:15:06

Health: -3/120     AC:  9    Str: 23    XL:     11   Next: 81%
Magic:  10/10      EV: 11    Int: 13    God:    Gozag
Gold:   1584       SH:  5    Dex: 20    Spells: 10/10 levels left

rFire   . . .      SeeInvis .    C - +2 glaive (flame)
rCold   . . .      Faith    .    (shield currently unavailable)
rNeg    . . .      Spirit   .    D - +0 steam dragon scales
rPois   .          Reflect  +    (helmet restricted)
rElec   .          Rampage  .    i - +1 cloak of Fun and Games {Int+5 Dex+2}
rCorr   .                        (gloves unavailable)
Will    .....                    (boots unavailable)
Stlth   ++                       e - amulet of reflection
HPRegen 1.20/turn                q - +4 ring of slaying
MPRegen 0.12/turn                A - +6 ring of dexterity

@: no status effects
A: large, unfitting armour, claws 3, regeneration 1, shaggy fur 1, tough skin 1
a: Renounce Religion, Potion Petition, Call Merchant, Bribe Branch


You were on level 2 of the Lair of Beasts.
You worshipped Gozag.
Gozag was most pleased with you.
You visited 3 branches of the dungeon, and saw 11 of its levels.

You collected 1584 gold pieces.

Inventory:

Hand Weapons
 C - a +2 glaive of flaming (weapon)
Armour
 i - the +1 cloak of Fun and Games (worn) {Int+5 Dex+2}
   (You found it on level 8 of the Dungeon)

   Int:       It affects your intelligence (+5).
   Dex:       It affects your dexterity (+2).
 m - a +0 kite shield
 D - +0 steam dragon scales (worn)
Jewellery
 d - a ring of fire
 e - an amulet of reflection (around neck)
 q - a +4 ring of slaying (left claw)
 A - a +6 ring of dexterity (right claw)
Wands
 r - a wand of flame (12)
 v - a wand of charming (2)
 y - a wand of roots (12)
 B - a wand of acid (19)
 F - a wand of polymorph (3)
Scrolls
 c - 8 scrolls of teleportation
 h - 2 scrolls of vulnerability
 o - 2 scrolls of amnesia
 w - 2 scrolls of enchant armour
 x - 3 scrolls of fear
 E - a scroll of blinking
Potions
 a - a potion of might
 b - 3 potions of ambrosia
 f - a potion of berserk rage
 g - 3 potions of heal wounds
 j - a potion of brilliance
 k - a potion of magic
 l - a potion of mutation {unknown}
 n - 2 potions of resistance
 p - 3 potions of lignification
 s - 5 potions of curing
 t - 2 potions of flight
 u - a potion of haste
 z - 2 potions of invisibility


   Skills:
 + Level 11.3 Fighting
 - Level 2.4 Dodging
 - Level 1.0 Stealth
 - Level 4.8 Shields
 + Level 13.3 Unarmed Combat


You had 10 spell levels left.
You didn't know any spells.
Your spell library contained the following spells:

 Spells                   Type           Power      Damage    Failure   Level
 Ensorcelled Hibernation  Hex/Ice        0%         N/A       43%         2
 Sublimation of Blood     Necr           0%         N/A       43%         2
 Spider Form              Tmut/Pois      0%         N/A       67%         3
 Anguish                  Hex/Necr       0%         N/A       97%         4
 Petrify                  Tmut/Erth      0%         N/A       97%         4
 Irradiate                Conj/Tmut      0%         3d11      100%        5


Dungeon Overview and Level Annotations

Branches:
Dungeon (8/15)             Temple (1/1) D:5            Lair (2/5) D:8
  Swamp: Lair:2-3    Shoals: Lair:2-3     Snake: Lair:2-3    Spider: Lair:2-3

Altars:
Ashenzari
Cheibriados
Dithmenos
Elyvilon
Fedhas
Gozag
Hepliaklqana
Kikubaaqudgha
Makhleb
Nemelex Xobeh
Okawaru
Qazlal
Sif Muna
Trog
Uskayaw
Vehumet
Wu Jian
Xom
Zin
The Shining One

Shops:
D:1 (   D:2 ::[(*   D:7 *


Innate Abilities, Weirdness & Mutations

You are too large for most types of armour.
You have claws for hands.
Your natural rate of healing is unusually fast.
You are covered in fur. (AC +1)
You have tough skin. (AC +1)


Message History

The five-headed hydra bites you!
You start removing your armour.
You continue taking off your +0 kite shield.
The five-headed hydra barely misses you.
The five-headed hydra bites you! The five-headed hydra bites you.
The five-headed hydra bites you!
You block the five-headed hydra's attack.
The blink frog blinks!
You continue taking off your +0 kite shield.
You block the five-headed hydra's attack.
The five-headed hydra bites you.
You block the five-headed hydra's attack. x2
The five-headed hydra bites you but does no damage.
You continue taking off your +0 kite shield.
You block the five-headed hydra's attack.
The five-headed hydra bites you!
You block the five-headed hydra's attack.
The five-headed hydra bites you!
* * * LOW HITPOINT WARNING * * *
You block the five-headed hydra's attack.
You continue taking off your +0 kite shield.
The five-headed hydra closely misses you.
You block the five-headed hydra's attack.
The five-headed hydra bites you.
* * * LOW HITPOINT WARNING * * *
The five-headed hydra completely misses you.
You block the five-headed hydra's attack.
You finish taking off your +0 kite shield.
Your +2 glaive of flaming bursts into flame!
C - a +2 glaive of flaming (weapon)
The five-headed hydra bites you!
* * * LOW HITPOINT WARNING * * *
The five-headed hydra bites you.
* * * LOW HITPOINT WARNING * * *
The five-headed hydra bites you!
* * * LOW HITPOINT WARNING * * *
The five-headed hydra bites you but does no damage.
The five-headed hydra bites you.
You die...
Your body crumbles into a pile of gold.

#.♣♣♣.#............
##
#.....#...........#
FF
#.....#.........^..
♣k
#.....#.....[......
♣l
#♣...♣#............
♣h
♣♣.♣♣#............
###h### ♣.♣
#.§FD.#♣♣.♣♣
#.♣♣♣.#♣@♣.♣#
♣lhD♣♣♣.# ♣.#♣.♣.♣#
...#♣♣.♣♣ ##### ###


You could see a five-headed hydra, a black bear and a wyvern.

Vanquished Creatures
  A boulder beetle (Lair:2)
  The ghost of pigah the Zephyrmancer, a novice OpWn of Gozag (D:8)
  A necromancer (Lair:2)
  4 black mambas
  2 elephants (Lair:2)
  Joseph (D:7)
  2 cane toads
  A rime drake (Lair:2)
  Maggie (D:7)
  4 komodo dragons
  A troll (D:8)
  6 blink frogs
  A wyvern (Lair:2)
  18 yaks
  7 water moccasins
  2 orc warriors
  2 ice beasts (D:8)
  2 ogres (D:6)
  A black bear (D:8)
  2 wolves (D:8)
  A phantom (D:4)
  2 centaurs
  A kobold brigand (D:6)
  A gnoll sergeant (D:6)
  3 bullfrogs
  3 scorpions
  9 wights (D:8)
  A howler monkey (D:6)
  6 orc priests
  A gnoll bouda (D:7)
  Crazy Yiuf (D:2)
  6 hounds (D:8)
  A jelly (D:6)
  A sleepcap (D:6)
  7 orc wizards
  4 yak simulacra (Lair:2)
  4 polar bear simulacra (Lair:2)
  Robin (D:3)
  7 adders
  11 gnolls
  3 shadow imps
  3 white imps
  An ufetubus (D:5)
  3 dart slugs
  22 orcs
  A bat (D:1)
  9 endoplasms
  5 giant cockroaches
  12 goblins
  6 hobgoblins
  4 jackals (D:3)
  12 kobolds
  2 quokkas
  12 ball pythons
  A frilled lizard (D:3)
  6 rats
  3 river rat simulacra (Lair:2)
236 creatures vanquished.

Vanquished Creatures (others)
  3 fungi
  3 plants (Lair:2)
6 creatures vanquished.

Grand Total: 242 creatures vanquished

Notes
Turn   | Place    | Note
-------+----------+-------------------------------------------
     0 | D:1      | mistaj the Troll Monk began the quest for the Orb.
     0 | D:1      | Reached XP level 1. HP: 22/22 MP: 0/0
   186 | D:1      | Found Rerru's Weapon Shoppe.
   197 | D:1      | Reached XP level 2. HP: 29/29 MP: 1/1
   771 | D:2      | Reached XP level 3. HP: 37/37 MP: 2/2
   786 | D:2      | Found a shimmering altar of Xom.
   828 | D:2      | Found a runed translucent door.
   829 | D:2      | Noticed Crazy Yiuf
   838 | D:2      | Killed Crazy Yiuf
   839 | D:2      | Reached skill level 4 in Unarmed Combat
   839 | D:2      | Reached XP level 4. HP: 14/45 MP: 3/3
   912 | D:2      | Found Kiunotsa's General Store.
  1023 | D:2      | Found Saetipp's Book Emporium.
  1046 | D:2      | Found Owas's Book Emporium.
  1150 | D:2      | Found Cebuxiuv's Antique Armour Shop.
  1161 | D:2      | Found Hodghagut's Weapon Shoppe.
  1205 | D:2      | Found a faded altar of an unknown god.
  1550 | D:3      | Noticed Robin
  1587 | D:3      | Killed Robin
  1588 | D:3      | Reached XP level 5. HP: 33/54 MP: 4/4
  2262 | D:4      | Reached skill level 5 in Unarmed Combat
  2291 | D:4      | Reached XP level 6. HP: 62/62 MP: 5/5
  2857 | D:5      | Entered Level 5 of the Dungeon
  2871 | D:5      | Noticed a yak
  2873 | D:5      | Noticed a yak
  2874 | D:5      | Reached skill level 1 in Shields
  2928 | D:5      | Noticed a yak
  2941 | D:5      | Noticed a yak
  2947 | D:5      | Killed a yak
  2948 | D:5      | Reached XP level 7. HP: 48/71 MP: 6/6
  2969 | D:4      | Killed a yak
  2970 | D:4      | Reached skill level 5 in Fighting
  2970 | D:4      | Reached skill level 6 in Unarmed Combat
  3209 | D:5      | Found an ornate altar of the Wu Jian Council.
  3244 | D:5      | Found a staircase to the Ecumenical Temple.
  3252 | Temple   | Entered the Ecumenical Temple
  3345 | Temple   | Became a worshipper of Gozag Ym Sagoz the Greedy
  3513 | D:5      | Killed a yak
  3514 | D:5      | Reached XP level 8. HP: 68/81 MP: 7/7
  3697 | D:6      | Reached skill level 7 in Unarmed Combat
  4463 | D:7      | Reached XP level 9. HP: 81/92 MP: 8/8
  4467 | D:7      | Reached skill level 8 in Unarmed Combat
  4644 | D:7      | Noticed Maggie
  4652 | D:7      | Killed Maggie
  4706 | D:7      | Noticed Joseph
  4717 | D:7      | Killed Joseph
  4970 | D:7      | Found a hazy altar of Hepliaklqana.
  4971 | D:7      | Found a radiant altar of Vehumet.
  5145 | D:7      | Found Zeoghu's CLEARANCE SALE!.
  5609 | D:8      | Reached skill level 9 in Unarmed Combat
  5656 | D:8      | Found a runed translucent gate.
  5656 | D:8      | Found a runed translucent gate.
  5657 | D:8      | Found a runed translucent gate.
  5658 | D:8      | Noticed pigah's ghost (novice OpWn)
  5658 | D:8      | Identified the +6 plate armour of Context {Rampage rN++
                  | Str+4}
  5699 | D:8      | Killed pigah's ghost
  5748 | D:8      | Identified the +1 cloak of Fun and Games {Int+5 Dex+2}
  5875 | D:8      | Found a snail-covered altar of Cheibriados.
  5877 | D:8      | Found an ancient bone altar of Kikubaaqudgha.
  5877 | D:8      | Found a blossoming altar of Fedhas.
  5882 | D:8      | Reached XP level 10. HP: 105/105 MP: 9/9
  5974 | D:8      | Reached skill level 10 in Unarmed Combat
  5978 | D:8      | Identified the +2 pair of gloves of the Sky {Dex+3 Stlth+}
  5981 | D:8      | Found a staircase to the Lair.
  6754 | Lair:1   | Entered Level 1 of the Lair of Beasts
  6860 | Lair:1   | Noticed a cane toad
  6885 | Lair:1   | Killed a cane toad
  7117 | Lair:1   | Reached skill level 11 in Unarmed Combat
  7119 | Lair:1   | Noticed a black mamba
  7128 | Lair:1   | Killed a black mamba
  7271 | Lair:1   | Reached skill level 10 in Fighting
  7271 | Lair:1   | Reached XP level 11. HP: 93/117 MP: 10/10
  7366 | Lair:1   | Reached skill level 12 in Unarmed Combat
  7373 | Lair:1   | Identified the +0 chain mail "Maclutu" {rElec rF- SInv
                  | Stlth+}
  7724 | Lair:2   | Identified the +0 scale mail of Midnight {rElec}
  7829 | Lair:2   | Noticed a necromancer
  7838 | Lair:2   | Killed a necromancer
  8065 | Lair:2   | Reached skill level 13 in Unarmed Combat
  8397 | Lair:2   | Noticed a boulder beetle
  8404 | Lair:2   | Noticed a five-headed hydra
  8422 | Lair:2   | Killed a boulder beetle
  8426 | Lair:2   | Noticed a lindwurm
  8441 | Lair:2   | HP: 2/120 [five-headed hydra (12)]
  8441 | Lair:2   | Slain by a five-headed hydra

Illustrated notes

Levels and vault maps discovered:
D:1:      zelgadis_glass_arrival_large, layout_basic, serial_shops,
          nicolae_shop_bloodbath_and_beyond
D:2:      layout_basic, serial_shops, nicolae_shop_stone, nicolae_shop_crystal,
          nicolae_lakefront_shop, shop, nicolae_shop_behind_doors, basic_altar,
          shapermc_ecumenical_altar_gd, chequers_serial_rivers_micro_d,
          st_stairs_12, serial_park_tiny_1, grunt_decor_cap, serial_park_tiny_1,
          hangedman_decor_growths, reono_crystal_passage, serial_bayou_pond_d,
          uniq_crazy_yiuf_cottage
D:3:      layout_basic, uniq_robin
D:4:      dreamdust_elfheim, layout_loops_ring
D:5:      layout_rooms, kennysheep_mini_moat, minmay_temple_entry_grid,
          sigmund_army
D:6:      layout_basic, minmay_liquid_box
D:7:      layout_basic, chequers_temple_overflow_statue_of_worship,
          nicolae_shop_clearance, uniq_maggie, uniq_joseph
D:8:      layout_loops_ring, grunt_temple_overflow_diamond, erik_lair_island,
          biasface_ghost_orc_armoury
Temple:   compressed_dpeg_circular_temple
Lair:1:   layout_chaotic_city, chequers_serial_rivers_micro_c
Lair:2:   nzn_winding_woodlands_medium [nzn_winding_woodlands_5x5_closed_star,
          nzn_winding_woodlands_5x15_parted,
          nzn_winding_woodlands_5x5_checkerboard,
          nzn_winding_woodlands_5x5_perimeter,
          nzn_winding_woodlands_center_pierced_h,
          nzn_winding_woodlands_5x5_three, nzn_winding_woodlands_hourglass,
          nzn_winding_woodlands_5x15_cabin,
          nzn_winding_woodlands_5x5_open_star], layout_regular_city,
          skrybe_swamp_entry_bodies, eino_house_with_fridge

Skill      XL: |  1  2  3  4  5  6  7  8  9 10 11 |
---------------+----------------------------------+-----
Fighting       | 3 4 5 6 8 10 11 | 11.3
Unarmed Combat | 4 5 6 7 9 11 13 | 13.3
Shields        | 2 3 4 |  4.8
Dodging        | |  2.4
Stealth        | |  1.0

Action                     |  1- 3 |  4- 6 |  7- 9 | 10-12 || total
---------------------------+-------+-------+-------+-------++-------
  Melee: Unarmed           |    59 |   155 |   227 |   285 ||   726
         Punch             |     2 |     1 |       |       ||     3
    Use: Scroll            |       |    14 |     2 |     6 ||    22
   Stab: Sleeping          |     3 |     6 |     4 |     1 ||    14
         Distracted        |       |       |     3 |     4 ||     7
 Armour: Robe              |    15 |    39 |    17 |       ||    71
         Steam dragon scal |       |       |    16 |    45 ||    61
  Dodge: Dodged            |    22 |    61 |    49 |    60 ||   192
  Block: Kite shield       |       |    13 |   113 |   182 ||   308
         Reflection        |       |     2 |     3 |       ||     5

Table legend: (Time is in decaauts)
 A = Elapsed time spent in this place.
 B = Non-inter-level travel time spent in this place.
 C = Inter-level travel time spent in this place.
 D = Time resting spent in this place.
 E = Time spent auto-exploring this place.
 F = Levels seen in this place.
 G = Mean time per level.
                   A        B        C        D        E       F      G
               +--------+--------+--------+--------+--------+-----+--------+
         Total |   8396 |   8080 |    316 |    920 |   4863 |  11 |  763.3 |
       Dungeon |   6624 |   6346 |    278 |    471 |   4218 |   8 |  828.0 |
        Temple |    104 |     94 |     10 |      0 |     55 |   1 |  104.0 |
          Lair |   1666 |   1638 |     28 |    449 |    590 |   2 |  833.0 |
               +--------+--------+--------+--------+--------+-----+--------+

Top non-repeatable levels by time:
     D:8: 1223 daAuts
     D:7: 1112 daAuts
     D:4: 893 daAuts
  Lair:1: 884 daAuts
  Lair:2: 782 daAuts
     D:1: 756 daAuts
     D:6: 740 daAuts
     D:3: 700 daAuts
     D:2: 666 daAuts
     D:5: 531 daAuts
  Temple: 104 daAuts
